 Dungeon Crawl Stone Soup version 0.31-a0-640-g39d97e502b (webtiles) character file.

Game seed: 9615157221501251559

27 qw the Shooter (level 3, 0/21 HPs)
             Began as a Gargoyle Hunter on Aug 27, 2023.
             Slain by a goblin
             ... wielding a +0 dagger
             ... led by Robin
              (5 damage)
             ... on level 2 of the Dungeon.
             The game lasted 00:00:11 (447 turns).

qw the Shooter (Gargoyle Hunter)                     Turns: 447, Time: 00:00:11

Health: 0/21       AC:  7    Str: 14    XL:     3   Next: 10%
Magic:  3/3        EV: 11    Int:  9    God:
Gold:   21         SH:  0    Dex: 15    Spells: 2/2 levels left

rFire   . . .        Y - +0 shortbow
rCold   . . .        (shield currently unavailable)
rNeg    + . .        c - +0 leather armour
rPois   inf          g - +0 helmet
rElec   +            (no cloak)
rCorr   .            (no gloves)
SInv    .            (no boots)
Will    .....        (no amulet)
Stlth   ++           (no ring)
HPRegen 0.23/turn    (no ring)
MPRegen 0.08/turn

%: no passive effects
@: no status effects
A: sickness immunity, AC +3, negative energy resistance 1, electricity
resistance, torment resistance 1, petrification resistance
a: no special abilities


You were on level 2 of the Dungeon.
You visited 1 branch of the dungeon, and saw 2 of its levels.

You collected 21 gold pieces.


Innate Abilities, Weirdness & Mutations

You are immune to sickness and miasma.
Your stone body is resilient. (AC +3)
You are immune to poison.
You resist negative energy. (rN+)
You are resistant to electric shocks. (rElec)
You are resistant to unholy torment.
You are immune to petrification.


   Skills:
 + Level 2.1 Fighting
 - Level 5.0 Ranged Weapons
 - Level 1.5 Dodging
 - Level 1.1 Stealth


You had 2 spell levels left.
You didn't know any spells.
Your spell library was empty.

Inventory:

Hand Weapons
 Y - a +0 shortbow (weapon)
Armour
 c - a +0 leather armour (worn)
 g - a +0 helmet (worn)
Potions
 e - a potion of degeneration {unknown}

Dungeon Overview and Level Annotations

Branches:
Dungeon (2/15)

Altars:


Message History

You kill the hobgoblin!
You shoot an arrow. The arrow hits the goblin.
You kill the goblin!
A goblin comes into view. It is wielding a +0 club.
Robin throws the goblin at you!
A hobgoblin comes into view.
The goblin hits you with a +0 dagger.
You shoot an arrow. The arrow hits Robin!
Robin is heavily wounded.
Robin hits you with a +0 short sword. The goblin hits you with a +0 dagger.
You shoot an arrow. The arrow hits Robin.
Robin is severely wounded.
Robin roars a battlecry!
A goblin comes into view. It is wielding a +0 dagger.
The goblin barely misses you.
You shoot an arrow. The arrow barely misses Robin.
The arrow closely misses the goblin.
Robin barely misses you. The goblin misses you.
You shoot an arrow.
The arrow hits Robin but does no damage.
Robin is severely wounded.
Robin hits you but does no damage. The goblin hits you with a +0 dagger.
Robin hits you but does no damage.
A kobold comes into view. It is wielding a +0 short sword.
The goblin barely misses you.
You shoot an arrow. The arrow hits Robin.
Robin is almost dead.
The goblin hits you but does no damage.
You shoot an arrow. The arrow hits Robin.
You kill Robin!
The goblin hits you with a +0 dagger.
Your Ranged Weapons skill increases to level 5!
You have reached level 3!
Your experience leads to an increase in your attributes!
Increase (S)trength, (I)ntelligence, or (D)exterity?
You feel agile. x2
You shoot an arrow.
The arrow hits the goblin but does no damage.
The goblin hits you with a +0 dagger.
You die...

#..# #..# ##..# ....
#..# #### #..# ....
#######..###K.#
#..........g@gg.#
#.#######..###g....#
#.##.......# .##.#
#.##.##......# #
#.##.##......#
#.##.##......#
#.###.##.##......#
#........#####....)
#####.#### .###..


You could see a hobgoblin (strong), 3 goblins and a kobold.

Vanquished Creatures
  Robin (D:2)
  4 goblins (D:2)
  3 hobgoblins
  3 jackals (D:1)
  A quokka (D:1)
  A bat (D:1)
  A kobold (D:1)
  A rat (D:1)
15 creatures vanquished.

Notes
Turn   | Place    | Note
-------+----------+-------------------------------------------
     0 | D:1      | qw the Gargoyle Hunter began the quest for the Orb.
     0 | D:1      | Reached XP level 1. HP: 12/12 MP: 1/1
     0 | D:1      | 0 ||| qw: Version: 0.3-a-74-g0d5e918
     0 | D:1      | 0 ||| qw: Game counter: 109
     0 | D:1      | 0 ||| qw: Melee chars always use a shield: true
     0 | D:1      | 0 ||| qw: God list: Okawaru
     0 | D:1      | 0 ||| qw: Allow faded altars: false
     0 | D:1      | 0 ||| qw: Do Orc after clearing Dungeon:15 true
     0 | D:1      | 0 ||| qw: Do second Lair branch before Depths: true
     0 | D:1      | 0 ||| qw: Lair rune preference: random
     0 | D:1      | 0 ||| qw: Goals: Normal
     0 | D:1      | 0 ||| PLANNING D:1-11
   204 | D:1      | Reached XP level 2. HP: 17/17 MP: 2/2
   368 | D:1      | 368 ||| UPGRADING to +0 helmet.
   373 | D:1      | 373 ||| READING scroll labelled TORRAF VEAJEUFOU.
   374 | D:1      | 374 ||| READING scroll labelled FUKACW GEMOI.
   378 | D:1      | 378 ||| READING scroll labelled ICZIKI MYGOLLOGG.
   379 | D:1      | 379 ||| DROPPING scroll of butterflies.
   437 | D:2      | Noticed Robin
   446 | D:2      | Killed Robin
   446 | D:2      | HP: 4/17 [goblin/+0 dagger[Robin] (2)]
   447 | D:2      | Reached skill level 5 in Ranged Weapons
   447 | D:2      | Reached XP level 3. HP: 5/21 MP: 3/3
   447 | D:2      | Slain by a goblin

Levels and vault maps discovered:
D:1:      amcnicky_arrival_gap_in_the_tavern_cellar, layout_rooms
D:2:      layout_basic, basic_altar, uniq_robin

Skill      XL: |  1  2 |
---------------+-------+-----
Ranged Weapons | 5 |  5.0
Fighting       | |  2.1
Dodging        | |  1.5
Stealth        | |  1.1

Action                     || total
---------------------------++-------
   Fire: Shortbow          ||    42
    Use: Scroll            ||     3
 Armour: Leather armour    ||    11
  Dodge: Dodged            ||    17

Table legend:
 A = Non-vault XP
 B = Vault XP
 C = Vault XP percentage of total XP
 D = Non-vault monster count
 E = Vault monster count
 F = Vault count percentage of total count
                 A         B        C        D         E       F
            +---------+---------+-------+---------+---------+-------
      Total |      13 |      26 |  66.7 |       8 |       7 |  46.7
            +---------+---------+-------+---------+---------+-------
        D:1 |      13 |       0 |   0.0 |       8 |       0 |   0.0
        D:2 |       0 |      26 | 100.0 |       0 |       7 | 100.0
            +---------+---------+-------+---------+---------+-------
